 Dungeon Crawl Stone Soup version 0.31.0-1-g2c135a008e (webtiles) character file.

Game seed: 8991943161096426134

5182 qw the Skirmisher (level 10, -6/75 HPs)
             Began as a Djinni Hunter on Jan 24, 2024.
             Was a Priest of Okawaru.
             Mangled by a warg (17 damage)
             ... on level 9 of the Dungeon.
             The game lasted 00:00:53 (7068 turns).

qw the Skirmisher (Djinni Hunter)                   Turns: 7068, Time: 00:00:53

Health: -6/75      AC: 11    Str: 10    XL:     10   Next: 90%
Gold:   658        EV: 14    Int: 11    God:    Okawaru [***...] SH:  0 Dex: 21

rFire   + + .        o - +0 orcbow
rCold   . . .        (shield currently unavailable)
rNeg    . . .        e - +3 ring mail of the Hot Ocelot {Regen+}
rPois   inf          (no helmet)
rElec   .            (no cloak)
rCorr   .            n - +2 pair of gloves
SInv    .            (boots unavailable)
Will    +....        h - amulet of regeneration
Stlth   +            i - ring of protection from cold
HPRegen 1.92/turn    (no ring)
MPRegen 0.00/turn

%: infuse magic (-7 HP)
@: flying
A: sickness immunity, fire resistance 2, cold vulnerability 1, float, innate
caster, HP casting, extra vitality 1
a: Renounce Religion, Heroism


You were on level 9 of the Dungeon.
You worshipped Okawaru.
Okawaru was most pleased with you.
You visited 2 branches of the dungeon, and saw 10 of its levels.

You collected 658 gold pieces.


Innate Abilities, Weirdness & Mutations

You are immune to sickness and miasma.
You are immune to poison.
Your flesh is very heat resistant. (rF++)
You are vulnerable to cold. (rC-)
You float through the air rather than walking.
You learn spells naturally, not from books.
Your magical power is your life essence.
You have superior vitality. (+4 MHP)


   Skills:
 - Level 7.0 Fighting
 - Level 10.0 Ranged Weapons
 - Level 3.3 Armour
 + Level 6.9 Dodging
 - Level 0.7 Stealth
 - Level 4.0 Invocations


You knew the following spells:

 Your Spells              Type           Power      Damage    Failure   Level
a - Foxfire               Conj/Fire      0%         2x1d4     65%         1
b - Momentum Strike       Conj/Tloc      0%         3d8       78%         2
c - Tukima's Dance        Hex            0%         N/A       95%         3
d - Inner Flame           Hex/Fire       0%         N/A       95%         3
Your spell library was empty.

Inventory:

Hand Weapons
 o - a +0 orcbow (weapon)
Armour
 a - a +0 helmet
 e - the +3 ring mail of the Hot Ocelot (worn) {Regen+}
   (You found it on level 6 of the Dungeon)

   Regen+:    It increases your rate of health regeneration.
 n - a +2 pair of gloves (worn)
Jewellery
 h - an amulet of regeneration (around neck)
 i - a ring of protection from cold (left hand)
Wands
 k - a wand of charming (9)
 l - a wand of digging (11)
 m - a wand of roots (10)
Scrolls
 b - 3 scrolls of enchant armour
 f - a scroll of identify
Potions
 c - a potion of enlightenment
 d - 2 potions of resistance
 j - a potion of might
 p - a potion of mutation

Dungeon Overview and Level Annotations

Branches:
Dungeon (9/15)             Temple (1/1) D:6             Orc (0/2) D:9
   Lair: D:8-11

Altars:
Ashenzari
Cheibriados
Dithmenos
Elyvilon
Fedhas
Gozag
Hepliaklqana
Makhleb
Nemelex Xobeh
Okawaru
Qazlal
Ru
Trog
Uskayaw
Wu Jian
Xom
Yredelemnul
Zin
The Shining One

Annotations:
D:8 2 runed translucent doors, qw's ghost, novice DjHu


Message History

The warg bites you.
You shoot an arrow.
The arrow hits the warg but does no damage.
The warg is heavily wounded.
The warg bites you! The warg bites you!!
7059 ||| DRINKING potion of heal wounds.
You feel much better. The warg misses you.
You shoot an arrow. The arrow hits the warg.
The warg is severely wounded.
The warg closely misses you. The warg barely misses you.
You shoot an arrow.
The arrow hits the warg but does no damage.
The warg is severely wounded.
The warg completely misses you. The warg misses you.
You shoot an arrow. The arrow hits the warg.
The warg is severely wounded.
The warg bites you!! The warg misses you.
You shoot an arrow. The arrow hits the warg.
The warg is almost dead.
The warg stops to sniff the ground.
The warg bites you.
You shoot an arrow. The arrow barely misses the warg.
The warg closely misses you.
The warg stops to sniff the ground.
The warg bites you.
You shoot an arrow.
The arrow hits the warg but does no damage.
The warg is almost dead.
The warg misses you. The warg bites you but does no damage.
You shoot an arrow. The arrow closely misses the warg.
The warg bites you.
You shoot an arrow. The arrow hits the warg.
The warg is almost dead.
The warg barely misses you. The warg bites you!
You shoot an arrow.
The arrow hits the warg but does no damage.
The warg is almost dead.
The warg bites you!
You die...

.....####...####......#####.)....
.....# ##........##..#...#......
.....# #+##########.##..'...>..
.....# ....##...#..#...... ####.#
## #.......#..#...... #.#
##.o##.8....##.#..#### .#
+.?o.'o.....>###..# .#
##h8....##....#
..####@......#.....#
#........##...#.###.####
#+##########.##.#.#.....
..#..#.#....# ..####.######
.##.......... #...........
##........... ##............


You could see a warg and an orc warrior.

Vanquished Creatures
  Maggie (D:7)
  A hornet (D:8)
  Prince Ribbit (D:7)
  A shadow (D:8)
  4 yaks (D:9)
  A steam dragon (D:6)
  A water moccasin (D:7)
  An ice beast (D:6)
  4 orc warriors
  A black bear (D:5)
  An ogre (D:4)
  A centaur (D:8)
  2 phantoms
  3 kobold brigands
  A bullfrog (D:7)
  12 wights
  16 killer bees
  4 hounds
  2 jellies
  3 bombardier beetles
  3 orc priests
  2 sleepcaps
  Ijyb (D:4)
  Natasha (thrice) (D:3)
  7 iguanas
  7 orc wizards
  A gnoll (D:1)
  5 adders
  2 ufetubi (D:6)
  3 dart slugs
  28 orcs
  4 ball pythons
  10 endoplasms
  4 giant cockroaches
  8 goblins
  8 hobgoblins
  3 jackals (D:5)
  5 quokkas
  4 bats
  3 frilled lizards
  16 kobolds
  4 rats
192 creatures vanquished.

Vanquished Creatures (others)
  A human (D:8)
1 creature vanquished.

Grand Total: 193 creatures vanquished

Notes
Turn   | Place    | Note
-------+----------+-------------------------------------------
     0 | D:1      | qw the Djinni Hunter began the quest for the Orb.
     0 | D:1      | Reached XP level 1. HP: 18/18 MP: 0/0
     0 | D:1      | 0 ||| qw: Version: 0.3-a-136-gdd3b4e8
     0 | D:1      | 0 ||| qw: Game counter: 1356
     0 | D:1      | 0 ||| qw: Melee chars always use a shield: true
     0 | D:1      | 0 ||| qw: God list: Okawaru
     0 | D:1      | 0 ||| qw: Allow faded altars: false
     0 | D:1      | 0 ||| qw: Do Orc after clearing Dungeon:15 true
     0 | D:1      | 0 ||| qw: Do second Lair branch before Depths: true
     0 | D:1      | 0 ||| qw: Lair rune preference: random
     0 | D:1      | 0 ||| qw: Goals: Normal
     0 | D:1      | 0 ||| PLANNING D:1-11
    46 | D:1      | Reached XP level 2. HP: 23/23 MP: 0/0
   417 | D:1      | Reached XP level 3. HP: 28/28 MP: 0/0
   417 | D:1      | Learned a level 1 spell: Foxfire
   511 | D:1      | Reached skill level 4 in Ranged Weapons
   672 | D:1      | 672 ||| READING 3 scrolls labelled WOMAQO ENGASCH.
   672 | D:1      | 672 ||| IDENTIFYING amethyst potion
   673 | D:1      | 673 ||| READING 2 scrolls of identify.
   673 | D:1      | 673 ||| IDENTIFYING brown potion
   674 | D:1      | 674 ||| READING scroll of identify.
   674 | D:1      | 674 ||| IDENTIFYING pink potion
   675 | D:1      | 675 ||| READING scroll labelled QITO CUOMAJIATUC.
   776 | D:1      | 776 ||| READING 2 scrolls labelled FUMYLA JYAL.
   777 | D:1      | 777 ||| READING scroll labelled IHAOJI SOWI.
   778 | D:1      | 778 ||| DROPPING scroll of butterflies.
   779 | D:1      | 779 ||| DROPPING potion of invisibility.
   780 | D:1      | 780 ||| DROPPING potion of lignification.
   781 | D:1      | 781 ||| DROPPING scroll of blinking.
   951 | D:2      | Found a faded altar of an unknown god.
  1020 | D:2      | Reached XP level 4. HP: 34/34 MP: 0/0
  1067 | D:2      | Reached skill level 3 in Fighting
  1273 | D:2      | 1273 ||| DRINKING 2 fuming brown potions.
  1274 | D:2      | 1274 ||| DRINKING 2 bubbling red potions.
  1275 | D:2      | 1275 ||| DROPPING potion of brilliance.
  1276 | D:2      | 1276 ||| DROPPING potion of degeneration.
  1521 | D:3      | Found a sparkling altar of Nemelex Xobeh.
  1524 | D:3      | Found a blossoming altar of Fedhas.
  1896 | D:3      | Noticed Natasha
  1901 | D:3      | Killed Natasha
  1902 | D:3      | Reached XP level 5. HP: 36/40 MP: 0/0
  1902 | D:3      | Learned a level 2 spell: Momentum Strike
  1981 | D:3      | Noticed Natasha
  1984 | D:3      | Killed Natasha
  1985 | D:3      | Reached skill level 3 in Dodging
  2076 | D:3      | 2076 ||| READING scroll of identify.
  2076 | D:3      | 2076 ||| IDENTIFYING fuming black potion
  2077 | D:3      | 2077 ||| READING 2 scrolls labelled UMNIL EHIADAU.
  2078 | D:3      | 2078 ||| READING scroll labelled YDYASA RIDGH.
  2082 | D:3      | 2082 ||| DRINKING 2 clear potions.
  2169 | D:3      | Noticed Natasha
  2173 | D:3      | Killed Natasha
  2189 | D:3      | 2189 ||| DROPPING scroll of fog.
  2190 | D:3      | 2190 ||| DROPPING potion of berserk rage.
  2245 | D:4      | 2245 ||| STAIRDANCE
  2341 | D:4      | Reached XP level 6. HP: 44/46 MP: 0/0
  2347 | D:4      | Noticed an ogre
  2356 | D:4      | Killed an ogre
  2357 | D:4      | Reached skill level 5 in Ranged Weapons
  2401 | D:4      | HP: 11/47 [adder (2)]
  2589 | D:4      | Found a bloodstained altar of Trog.
  2599 | D:4      | Reached XP level 7. HP: 49/51 MP: 0/0
  2599 | D:4      | Learned a level 3 spell: Tukima's Dance
  2777 | D:4      | Found a hide-covered altar of Uskayaw.
  2950 | D:4      | Noticed Ijyb
  2962 | D:4      | Killed Ijyb
  3052 | D:4      | Reached skill level 6 in Ranged Weapons
  3197 | D:4      | Identified the +3 ring mail of Sin {Str+5}
  3223 | D:4      | 3223 ||| UPGRADING to +0 ring mail.
  3233 | D:4      | 3233 ||| DROPPING +0 leather armour.
  3234 | D:4      | 3234 ||| UPGRADING to +3 ring mail of Sin {Str+5}.
  3244 | D:4      | 3244 ||| DROPPING +0 ring mail.
  3245 | D:4      | 3245 ||| UPGRADING to amulet of regeneration.
  3250 | D:4      | 3250 ||| UPGRADING to ring of protection from cold.
  3251 | D:4      | 3251 ||| READING 2 scrolls of identify.
  3251 | D:4      | 3251 ||| IDENTIFYING 2 blue potions
  3252 | D:4      | 3252 ||| READING scroll of identify.
  3252 | D:4      | 3252 ||| IDENTIFYING 2 scrolls labelled MECEUB SIMASSY
  3285 | D:5      | Entered Level 5 of the Dungeon
  3352 | D:5      | HP: 13/52 [black bear (10)]
  3353 | D:5      | 3353 ||| DRINKING 2 potions of heal wounds.
  3354 | D:5      | 3354 ||| DRINKING potion of heal wounds.
  3493 | D:5      | Reached XP level 8. HP: 57/58 MP: 0/0
  3585 | D:5      | Found a stormy altar of Qazlal.
  3696 | D:5      | Found a hazy altar of Hepliaklqana.
  3899 | D:5      | 3899 ||| READING scroll of identify.
  3899 | D:5      | 3899 ||| IDENTIFYING fuming red potion
  3946 | D:6      | Reached skill level 7 in Ranged Weapons
  4040 | D:6      | HP: 11/58 [orc warrior/+0 trident (9)]
  4092 | D:6      | Found a staircase to the Ecumenical Temple.
  4093 | D:6      | 4093 ||| PLANNING TEMPLE
  4101 | Temple   | Entered the Ecumenical Temple
  4102 | Temple   | 4102 ||| PLANNING OKAWARU WORSHIP
  4112 | Temple   | Became a worshipper of Warmaster Okawaru
  4113 | Temple   | 4113 ||| PLANNING D:1-11
  4133 | D:6      | Identified the +3 ring mail of the Hot Ocelot {Regen+}
  4162 | D:6      | Found a shadowy altar of Dithmenos.
  4264 | D:6      | Found a burning altar of Makhleb.
  4268 | D:6      | Found a glowing silver altar of Zin.
  4268 | D:6      | Noticed an angel
  4269 | D:6      | Noticed a blizzard demon
  4430 | D:6      | Reached XP level 9. HP: 25/65 MP: 0/0
  4430 | D:6      | Learned a level 3 spell: Inner Flame
  4937 | D:6      | 4937 ||| UPGRADING to +3 ring mail of the Hot Ocelot
                  | {Regen+}.
  4947 | D:6      | 4947 ||| DROPPING +3 ring mail of Sin {Str+5}.
  4948 | D:6      | 4948 ||| DROPPING +6 ring of intelligence.
  5067 | D:7      | Reached skill level 8 in Ranged Weapons
  5112 | D:7      | Noticed Maggie
  5135 | D:7      | Killed Maggie
  5136 | D:7      | Reached skill level 6 in Fighting
  5201 | D:7      | Noticed Prince Ribbit
  5215 | D:7      | 5215 ||| RETREEEEATING.
  5216 | D:7      | 5216 ||| RETREEEEATING.
  5217 | D:7      | Killed Prince Ribbit
  5217 | D:7      | Reached * piety under Okawaru
  5246 | D:7      | Reached skill level 1 in Invocations
  5442 | D:7      | 5442 ||| READING scroll of identify.
  5442 | D:7      | 5442 ||| IDENTIFYING viscous silvery potion
  5443 | D:7      | 5443 ||| READING scroll labelled DEUM HYHA EME.
  5543 | D:8      | Noticed a hornet
  5544 | D:8      | 5544 ||| INVOKING Heroism.
  5552 | D:8      | 5552 ||| RETREEEEATING.
  5553 | D:8      | 5553 ||| RETREEEEATING.
  5555 | D:8      | 5555 ||| RETREEEEATING.
  5556 | D:8      | 5556 ||| RETREEEEATING.
  5557 | D:8      | 5557 ||| RETREEEEATING.
  5558 | D:8      | 5558 ||| RETREEEEATING.
  5559 | D:8      | 5559 ||| RETREEEEATING.
  5560 | D:8      | 5560 ||| RETREEEEATING.
  5561 | D:8      | 5561 ||| INVOKING Heroism.
  5570 | D:8      | Killed a hornet
  5571 | D:8      | Reached skill level 3 in Invocations
  5571 | D:8      | Reached XP level 10. HP: 71/72 MP: 0/0
  5583 | D:8      | Reached skill level 9 in Ranged Weapons
  5584 | D:8      | 5584 ||| RETREEEEATING.
  5585 | D:8      | 5585 ||| RETREEEEATING.
  5586 | D:8      | 5586 ||| RETREEEEATING.
  5587 | D:8      | 5587 ||| RETREEEEATING.
  5593 | D:8      | HP: 12/72 [wight/+1 spear (7)]
  5594 | D:8      | 5594 ||| DRINKING 4 potions of heal wounds.
  5609 | D:8      | HP: 18/72 [wight/+0 short sword (3)]
  5610 | D:8      | 5610 ||| DRINKING 3 potions of heal wounds.
  5613 | D:8      | Reached skill level 6 in Dodging
  5616 | D:8      | Reached ** piety under Okawaru
  5737 | D:8      | 5737 ||| SWAPPING to +0 orcbow.
  5738 | D:8      | 5738 ||| DROPPING +0 shortbow.
  5828 | D:8      | 5828 ||| DRINKING 2 potions of curing.
  5828 | D:8      | 5828 ||| (to cure confusion)
  5834 | D:8      | 5834 ||| DRINKING potion of curing.
  5834 | D:8      | 5834 ||| (to cure confusion)
  5886 | D:8      | HP: 16/75 [orc/+0 club (4)]
  5887 | D:8      | 5887 ||| DRINKING 2 potions of heal wounds.
  6111 | D:8      | Found a large runed translucent door.
  6113 | D:8      | Found a large runed translucent door.
  6113 | D:8      | Noticed qw's ghost (novice DjHu)
  6313 | D:8      | 6313 ||| UPGRADING to +0 pair of gloves.
  6318 | D:8      | 6318 ||| READING 5 scrolls of enchant armour.
  6318 | D:8      | 6318 ||| ENCHANTING +0 pair of gloves.
  6319 | D:8      | 6319 ||| READING 4 scrolls of enchant armour.
  6319 | D:8      | 6319 ||| ENCHANTING +1 pair of gloves.
  6320 | D:8      | 6320 ||| READING 2 scrolls of identify.
  6320 | D:8      | 6320 ||| IDENTIFYING viscous orange potion
  6321 | D:8      | 6321 ||| READING scroll of identify.
  6321 | D:8      | 6321 ||| IDENTIFYING 2 scrolls labelled XASOCA XEHAAS
  6322 | D:8      | 6322 ||| DROPPING 2 scrolls of revelation.
  6376 | D:9      | 6376 ||| RETREEEEATING.
  6377 | D:9      | 6377 ||| RETREEEEATING.
  6378 | D:9      | 6378 ||| RETREEEEATING.
  6379 | D:9      | 6379 ||| RETREEEEATING.
  6380 | D:9      | 6380 ||| RETREEEEATING.
  6381 | D:9      | 6381 ||| RETREEEEATING.
  6382 | D:9      | 6382 ||| RETREEEEATING.
  6384 | D:9      | 6384 ||| RETREEEEATING.
  6385 | D:9      | 6385 ||| RETREEEEATING.
  6387 | D:9      | 6387 ||| RETREEEEATING.
  6407 | D:9      | Reached skill level 3 in Armour
  6476 | D:9      | Reached *** piety under Okawaru
  6519 | D:9      | Found an opulent altar of Gozag.
  6687 | D:9      | Reached skill level 10 in Ranged Weapons
  6780 | D:9      | 6780 ||| RETREEEEATING.
  6781 | D:9      | 6781 ||| RETREEEEATING.
  6782 | D:9      | 6782 ||| RETREEEEATING.
  6783 | D:9      | 6783 ||| RETREEEEATING.
  6784 | D:9      | 6784 ||| RETREEEEATING.
  6785 | D:9      | 6785 ||| RETREEEEATING.
  6786 | D:9      | 6786 ||| RETREEEEATING.
  6787 | D:9      | 6787 ||| RETREEEEATING.
  6788 | D:9      | 6788 ||| RETREEEEATING.
  7024 | D:9      | Found a staircase to the Orcish Mines.
  7041 | D:9      | 7041 ||| RETREEEEATING.
  7058 | D:9      | HP: 16/75 [warg (18)]
  7059 | D:9      | 7059 ||| DRINKING potion of heal wounds.
  7067 | D:9      | HP: 9/75 [warg (15)]
  7068 | D:9      | Mangled by a warg

Levels and vault maps discovered:
D:1:      zaba_arrival_water, layout_basic, minmay_quantized
D:2:      layout_basic, ebering_ecumenical_altar_box, kennysheep_flooded_box
D:3:      layout_loops_ring, minitemple, uniq_natasha
D:4:      layout_rooms, nicolae_overflow_crystal_walls,
          nicolae_uskayaw_suspiria, minmay_box_of_dots, uniq_ijyb
D:5:      layout_cave_pools, mainiacjoe_overflow_alcove_4, lemuel_round_altar,
          mainiacjoe_overflow_boulevard
D:6:      layout_gridville, grunt_temple_overflow_order_and_chaos_2,
          nicolae_dithmenos_shadow_blocks, mainiacjoe_overflow_24_doors,
          minmay_temple_entry_statues_pillars
D:7:      layout_rooms, uniq_maggie, uniq_prince_ribbit1
D:8:      layout_loops_ring, tgw_kikubaaqudgha, ebering_ghost_disaster_area
D:9:      layout_irregular_city, mainiacjoe_overflow_brackets,
          david_orc_1_choice, grunt_decor_one_mirror
Temple:   nicolae_temple_figure_zero

Skill      XL: |  1  2  3  4  5  6  7  8  9 10 |
---------------+-------------------------------+-----
Ranged Weapons | 4 5 6 7 8 10 | 10.0
Fighting       | 3 4 5 6 7 |  7.0
Dodging        | 3 4 5 6 |  6.9
Armour         | 2 3 |  3.3
Invocations    | 3 4 |  4.0
Stealth        | |  0.7

Action                     |  1- 3 |  4- 6 |  7- 9 | 10-12 || total
---------------------------+-------+-------+-------+-------++-------
   Fire: Shortbow          |    83 |   162 |   516 |    54 ||   815
         Orcbow            |       |       |       |   254 ||   254
 Invoke: Heroism           |       |       |     2 |       ||     2
    Use: Scroll            |     6 |     3 |     5 |     4 ||    18
         Potion            |       |     3 |     2 |     6 ||    11
 Armour: Leather armour    |    10 |    58 |    31 |       ||    99
         Ring mail         |       |       |   280 |   301 ||   581
  Dodge: Dodged            |    20 |    66 |   265 |   305 ||   656

Table legend:
 A = Non-vault XP
 B = Vault XP
 C = Vault XP percentage of total XP
 D = Non-vault monster count
 E = Vault monster count
 F = Vault count percentage of total count
                 A         B        C        D         E       F
            +---------+---------+-------+---------+---------+-------
      Total |    6645 |     758 |  10.2 |     179 |      13 |   6.8
            +---------+---------+-------+---------+---------+-------
        D:1 |      45 |       6 |  11.8 |      19 |       4 |  17.4
        D:2 |      30 |       0 |   0.0 |      15 |       0 |   0.0
        D:3 |     145 |      36 |  19.9 |      13 |       1 |   7.1
        D:4 |     419 |      44 |   9.5 |      21 |       4 |  16.0
        D:5 |     587 |       0 |   0.0 |      17 |       0 |   0.0
        D:6 |     909 |       0 |   0.0 |      20 |       0 |   0.0
        D:7 |     554 |     666 |  54.6 |      13 |       2 |  13.3
        D:8 |    2001 |       0 |   0.0 |      29 |       0 |   0.0
        D:9 |    1955 |       6 |   0.3 |      32 |       2 |   5.9
            +---------+---------+-------+---------+---------+-------
